AoeStats
← Dafixios

Hill Fort

506539569Analyzed
2v2 RM · 19d ago on Sep 14, 2026· 57m 21s· 4 players
Game mode
Random Map
Map size
Medium (4 player)
Population
200
Speed
Normal
Resources
Standard
Victory
Conquest
Starting age
Dark Age
Ending age
Imperial Age
RankedLock teamsTeams togetherTeam positionsShared explorationLock speedFull tech treeHidden civsTurbo modeCheats
Victory
Defeat
🇨🇦 Koreans · Canada
1165
+14
🇲🇽 Malay · Mexico
1124
+15
🇲🇽 Berbers · Mexico
1118
-15
🇲🇽 Portuguese · Mexico
1102
-14
Iztacoyolt
9:16 Loom
11:18 Feudal Age
11:03 Town Watch
11:58 Wheelbarrow
12:36 Double-Bit Axe
16:16 Fletching
21:50 Castle Age
20:58 Horse Collar
21:35 Bodkin Arrow
21:05 Crossbowman
22:19 Padded Archer Armor
24:50 Gold Mining
27:55 Leather Archer Armor
33:11 Imperial Age
32:04 Stone Mining
32:43 Bow Saw
35:54 Heavy Plow
37:47 Scale Barding Armor
38:39 Hand Cart
39:36 Conscription
40:50 Crop Rotation
41:08 Forging
40:52 Arbalester
43:11 Chemistry
42:12 Bracer
43:25 Ring Archer Armor
43:48 Iron Casting
44:06 Thumb Ring
44:24 Ballistics
43:45 Treadmill Crane
44:52 Gold Shaft Mining
44:53 Stone Shaft Mining
45:09 Town Patrol
45:52 Elite Battle Elephant
49:36 Blast Furnace
53:15 Husbandry
52:36 Light Cavalry
53:04 Elite Skirmisher
53:48 Elite Karambit Warrior
54:30 Forced Levy
53:52 Man-at-Arms
54:32 Squires
53:53 Pikeman
54:18 Arson
55:55 Thalassocracy
55:17 Long Swordsman
57:01 Caravan
56:57 Two-Handed Swordsman
56:57 Halberdier
Riper-Kun
8:35 Loom
10:59 Feudal Age
15:25 Castle Age
14:06 Double-Bit Axe
14:57 Stone Mining
28:49 Horse Collar
29:21 Bow Saw
29:54 Wheelbarrow
30:48 Town Watch
34:26 Herbal Medicine
37:09 Gold Mining
37:37 Hand Cart
41:14 Imperial Age
39:51 Thumb Ring
39:51 Crossbowman
40:25 Fletching
40:49 Forging
40:40 Scale Mail Armor
42:56 Chemistry
42:17 Ballistics
42:34 Conscription
43:34 Two-Man Saw
42:30 Bodkin Arrow
43:20 Iron Casting
43:01 Chain Mail Armor
42:48 Squires
42:33 Gambesons
42:34 Arson
43:47 Gold Shaft Mining
43:53 Cavalier
44:34 Husbandry
44:12 Heavy Rocket Cart
45:38 Bracer
45:40 Treadmill Crane
46:38 Scale Barding Armor
48:27 Chain Barding Armor
49:05 Light Cavalry
52:36 Hussar
54:02 Pikeman
54:05 Elite Fire Lancer
57:09 Plate Mail Armor
Dafixios
7:37 Loom
10:03 Feudal Age
12:33 Double-Bit Axe
18:24 Castle Age
23:09 Wheelbarrow
27:11 Hand Cart
29:01 Kasbah
37:21 Imperial Age
35:28 Town Watch
36:50 Scale Barding Armor
38:06 Bloodlines
38:31 Husbandry
39:58 Conscription
39:32 Heavy Camel Rider
40:40 Forging
41:29 Light Cavalry
44:06 Iron Casting
43:52 Chain Barding Armor
49:37 Hussar
Alexr_93
8:52 Loom
10:48 Feudal Age
9:06 Loom
18:07 Castle Age
17:53 Stone Mining
17:50 Double-Bit Axe
17:47 Horse Collar
22:53 Fletching
25:27 Elite Skirmisher
29:24 Padded Archer Armor
32:03 Bodkin Arrow
38:03 Imperial Age
35:19 Town Watch
37:52 Leather Archer Armor
38:26 Wheelbarrow
37:52 Town Patrol
38:24 Bow Saw
39:17 Ballistics
40:03 Chemistry
39:24 Ballistics
40:09 Bracer
42:42 Ring Archer Armor
42:34 Conscription
42:46 Thumb Ring
46:37 Scale Mail Armor
46:48 Forging
46:55 Arquebus
46:29 Pikeman
47:45 Chain Mail Armor
46:54 Halberdier
57:13 Two-Man Saw
Connection lost

Rejoining the realm…

Still unreachable

The connection could not be restored.

Session expired

The server has moved on; the page needs a fresh start.